| TOP OF THE 1ST |
|
Amarillo ThunderHeads batting - Pitching for Calgary Flames : RHP Brice MacKenzie
|
|
Pitching: RHP Brice MacKenzie
|
|
|
Batting: SHB Zack Barton
|
0-0: Foul Ball, location: 2F 0-1: Fly out, F8 (Line Drive, 78M, EV 105.6 MPH)
|
|
Batting: LHB Eddie Reyes
|
0-0: Ball 1-0: Foul Ball, location: 2F 1-1: Ball 2-1: Ball 3-1: Foul Ball, location: 2F 3-2: Ground out U3 (Groundball, 3S, EV 85.0 MPH)
|
|
Batting: LHB Santino Pisanello
|
0-0: Ball 1-0: Foul Ball, location: 2F 1-1: Called Strike 1-2: Ball 2-2: Foul Ball, location: 2F 2-2: Foul Ball, location: 2F 2-2: Foul Ball, location: 2F 2-2: Foul Ball, location: 2F 2-2: Foul Ball, location: 2F 2-2: Ball 3-2: Base on Balls
|
|
Batting: RHB Elias Sagrero
|
0-0: Ball 1-0: Ball 2-0: Swinging Strike 2-1: Foul Ball, location: 2F 2-2: Ball Santino Pisanello is caught stealing 2nd base 2-4
|
| Top of the 1st over - 0 runs, 0 hits, 0 errors, 0 left on base; Amarillo 0 - Calgary 0 |
| BOTTOM OF THE 1ST |
|
Calgary Flames batting - Pitching for Amarillo ThunderHeads : RHP Jose Vela
|
|
Pitching: RHP Jose Vela
|
|
|
Batting: RHB Devon Dill
|
0-0: Called Strike 0-1: Ball 1-1: Ball 2-1: Called Strike 2-2: Strikes out looking
|
|
Batting: RHB Yuusei Narita
|
0-0: Ball 1-0: Foul Ball, location: 2F 1-1: Foul Ball, location: 2F 1-2: Ball 2-2: Ball 3-2: Strikes out swinging
|
|
Batting: RHB Phil McFadden
|
0-0: Ball 1-0: Ball 2-0: Ball 3-0: Base on Balls
|
|
Batting: RHB Alex Collazo
|
0-0: Ball 1-0: Ball 2-0: Called Strike Phil McFadden steals 2nd base 2-1: Ball 3-1: Foul Ball, location: 2F 3-2: Base on Balls
|
|
Batting: RHB Jon Groseclose
|
0-0: Fly out, F6 (Popup, 6M, EV 68.8 MPH)
|
| Bottom of the 1st over - 0 runs, 0 hits, 0 errors, 2 left on base; Amarillo 0 - Calgary 0 |
| TOP OF THE 2ND |
|
Amarillo ThunderHeads batting - Pitching for Calgary Flames : RHP Brice MacKenzie
|
|
Batting: RHB Elias Sagrero
|
0-0: Foul Ball, location: 2F 0-1: Called Strike 0-2: Hit by Pitch
|
|
Batting: RHB Eric Camillo
|
0-0: Reached on error, E5 (Groundball, 56, EV 97.5 MPH) Elias Sagrero to second
|
|
Batting: RHB Ron Squires
|
0-0: Ball 1-0: Called Strike 1-1: Foul Ball, location: 2F 1-2: Strikes out looking
|
|
Batting: RHB Sam Voss
|
0-0: SINGLE (Line Drive, 9S, EV 112.5 MPH) Elias Sagrero to third Eric Camillo to second
|
|
Batting: SHB Tyler Romo
|
0-0: Ball 1-0: Ball 2-0: Foul Ball, location: 2F 2-1: Called Strike 2-2: Ball 3-2: Base on Balls Elias Sagrero scores Eric Camillo to third Sam Voss to second
|
|
Batting: LHB Tony Gutierrez
|
0-0: Grounds into double play, 6-4-3 (Groundball, 6, EV 83.8 MPH)
|
| Top of the 2nd over - 1 run, 1 hit, 1 error, 2 left on base; Amarillo 1 - Calgary 0 |
| BOTTOM OF THE 2ND |
|
Calgary Flames batting - Pitching for Amarillo ThunderHeads : RHP Jose Vela
|
|
Batting: SHB Erick Hamburger
|
0-0: Foul Ball, location: 2F 0-1: Ball 1-1: Ball 2-1: Foul Ball, location: 2F 2-2: Fly out, F9 (Flyball, 89M, EV 91.2 MPH)
|
|
Batting: RHB Antonio Martinez
|
0-0: Called Strike 0-1: Ball 1-1: Swinging Strike 1-2: Foul Ball, location: 2F 1-2: Foul Ball, location: 2F 1-2: Strikes out swinging
|
|
Batting: RHB Rod Johnson
|
0-0: Ball 1-0: Foul Ball, location: 2F 1-1: SINGLE (Groundball, 4M, EV 109.4 MPH) (infield hit)
|
|
Batting: RHB Tyler Johnson
|
0-0: Called Strike Rod Johnson steals 2nd base 0-1: Fly out, F8 (Flyball, 8RD, EV 99.4 MPH)
|
| Bottom of the 2nd over - 0 runs, 1 hit, 0 errors, 1 left on base; Amarillo 1 - Calgary 0 |
| TOP OF THE 3RD |
|
Amarillo ThunderHeads batting - Pitching for Calgary Flames : RHP Brice MacKenzie
|
|
Batting: SHB Zack Barton
|
0-0: Ball 1-0: Ball 2-0: Called Strike 2-1: Fly out, F9 (Flyball, 89S, EV 87.5 MPH)
|
|
Batting: LHB Eddie Reyes
|
0-0: Ball 1-0: Ball 2-0: Ball 3-0: Called Strike 3-1: Foul Ball, location: 2F 3-2: SOLO HOME RUN (Flyball, 9D, EV 99.4 MPH), Distance : 367 ft
|
|
Batting: LHB Santino Pisanello
|
0-0: Ball 1-0: Foul Ball, location: 2F 1-1: Ball 2-1: Ground out 4-3 (Groundball, 34, EV 89.4 MPH)
|
|
Batting: RHB Elias Sagrero
|
0-0: Ball 1-0: Ball 2-0: Foul Ball, location: 2F 2-1: Fly out, F8 (Flyball, 8LM, EV 90.0 MPH)
|
| Top of the 3rd over - 1 run, 1 hit, 0 errors, 0 left on base; Amarillo 2 - Calgary 0 |
| BOTTOM OF THE 3RD |
|
Calgary Flames batting - Pitching for Amarillo ThunderHeads : RHP Jose Vela
|
|
Batting: RHB Devon Dill
|
0-0: Swinging Strike 0-1: Ball 1-1: Called Strike 1-2: Foul Ball, location: 2F 1-2: Strikes out swinging
|
|
Batting: RHB Yuusei Narita
|
0-0: Called Strike 0-1: Fly out, F8 (Line Drive, 8LM, EV 88.8 MPH)
|
|
Batting: RHB Phil McFadden
|
0-0: Ball 1-0: Ball 2-0: Ball 3-0: Base on Balls
|
|
Batting: RHB Alex Collazo
|
0-0: Called Strike 0-1: Ball 1-1: Foul Ball, location: 2F 1-2: Strikes out swinging
|
| Bottom of the 3rd over - 0 runs, 0 hits, 0 errors, 1 left on base; Amarillo 2 - Calgary 0 |
| TOP OF THE 4TH |
|
Amarillo ThunderHeads batting - Pitching for Calgary Flames : RHP Brice MacKenzie
|
|
Batting: RHB Eric Camillo
|
0-0: Ball 1-0: SINGLE (Groundball, 56S, EV 62.5 MPH) (infield hit)
|
|
Batting: RHB Ron Squires
|
0-0: Ball 1-0: Fielders Choice at 2nd, 3-6 (Groundball, 3S, EV 82.5 MPH)
|
|
Batting: RHB Sam Voss
|
0-0: Ball 1-0: Foul Ball, location: 2F 1-1: Foul Ball, location: 2F 1-2: Fly out, F9 (Line Drive, 89M, EV 104.4 MPH)
|
|
Batting: SHB Tyler Romo
|
0-0: Ball 1-0: Ball 2-0: Ball Ron Squires steals 2nd base 3-0: Base on Balls
|
|
Batting: LHB Tony Gutierrez
|
0-0: Ball 1-0: Called Strike 1-1: Ball 2-1: Ball 3-1: Base on Balls Ron Squires to third Tyler Romo to second
|
|
Batting: SHB Zack Barton
|
0-0: Swinging Strike 0-1: Ball 1-1: Ball 2-1: Fly out, F7 (Line Drive, 78M, EV 105.6 MPH)
|
| Top of the 4th over - 0 runs, 1 hit, 0 errors, 3 left on base; Amarillo 2 - Calgary 0 |
| BOTTOM OF THE 4TH |
|
Calgary Flames batting - Pitching for Amarillo ThunderHeads : RHP Jose Vela
|
|
Batting: RHB Jon Groseclose
|
0-0: Called Strike 0-1: Ball 1-1: Foul Ball, location: 2F 1-2: Strikes out swinging
|
|
Batting: SHB Erick Hamburger
|
0-0: Foul Ball, location: 2F 0-1: Ball 1-1: Ball 2-1: Ground out 6-3 (Groundball, 6, EV 85.0 MPH)
|
|
Batting: RHB Antonio Martinez
|
0-0: Called Strike 0-1: Ball 1-1: Foul Ball, location: 2F 1-2: Strikes out swinging
|
| Bottom of the 4th over - 0 runs, 0 hits, 0 errors, 0 left on base; Amarillo 2 - Calgary 0 |
| TOP OF THE 5TH |
|
Amarillo ThunderHeads batting - Pitching for Calgary Flames : RHP Brice MacKenzie
|
|
Batting: LHB Eddie Reyes
|
0-0: Called Strike 0-1: Ball 1-1: Ball 2-1: Foul Ball, location: 2F 2-2: Fly out, F7 (Flyball, 7D, EV 101.2 MPH)
|
|
Batting: LHB Santino Pisanello
|
0-0: Ball 1-0: Ball 2-0: Ball 3-0: Base on Balls
|
|
Batting: RHB Elias Sagrero
|
0-0: Foul Ball, location: 2F 0-1: Called Strike Santino Pisanello is caught stealing 2nd base 2-4 0-2: Ball 1-2: Ball 2-2: Strikes out swinging
|
| Top of the 5th over - 0 runs, 0 hits, 0 errors, 0 left on base; Amarillo 2 - Calgary 0 |
| BOTTOM OF THE 5TH |
|
Calgary Flames batting - Pitching for Amarillo ThunderHeads : RHP Jose Vela
|
|
Batting: RHB Rod Johnson
|
0-0: Called Strike 0-1: Swinging Strike 0-2: Strikes out swinging
|
|
Batting: RHB Tyler Johnson
|
0-0: Ball 1-0: Ball 2-0: Called Strike 2-1: Fly out, F3 (Popup, 3F, EV 84.4 MPH)
|
|
Batting: RHB Devon Dill
|
0-0: Ball 1-0: Ball 2-0: Ball 3-0: Called Strike 3-1: SINGLE (Line Drive, 9LS, EV 86.9 MPH)
|
|
Batting: RHB Yuusei Narita
|
0-0: Fly out, F9 (Flyball, 9, EV 89.4 MPH)
|
| Bottom of the 5th over - 0 runs, 1 hit, 0 errors, 1 left on base; Amarillo 2 - Calgary 0 |
| TOP OF THE 6TH |
|
Amarillo ThunderHeads batting - Pitching for Calgary Flames : RHP Brice MacKenzie
|
|
Batting: RHB Eric Camillo
|
0-0: Ball 1-0: Ball 2-0: Called Strike 2-1: Swinging Strike 2-2: Foul Ball, location: 2F 2-2: Fly out, F8 (Flyball, 8LD, EV 101.9 MPH)
|
|
Pitching: LHP Jay Bowen
|
|
|
Batting: RHB Ron Squires
|
0-0: Called Strike 0-1: Fly out, F3 (Popup, 3SF, EV 85.6 MPH)
|
|
Batting: RHB Sam Voss
|
0-0: Swinging Strike 0-1: Foul Ball, location: 2F 0-2: Ball 1-2: Ball 2-2: Ball 3-2: Ground out 5-3 (Groundball, 5, EV 100.6 MPH)
|
| Top of the 6th over - 0 runs, 0 hits, 0 errors, 0 left on base; Amarillo 2 - Calgary 0 |
| BOTTOM OF THE 6TH |
|
Calgary Flames batting - Pitching for Amarillo ThunderHeads : RHP Jose Vela
|
|
Batting: RHB Phil McFadden
|
0-0: Foul Ball, location: 2F 0-1: Foul Ball, location: 2F 0-2: Foul Ball, location: 2F 0-2: Ball 1-2: Foul Ball, location: 2F 1-2: Foul Ball, location: 2F 1-2: Ground out 6-3 (Groundball, 6, EV 90.6 MPH)
|
|
Batting: RHB Alex Collazo
|
0-0: Called Strike 0-1: Ball 1-1: Swinging Strike 1-2: Strikes out swinging
|
|
Batting: RHB Jon Groseclose
|
0-0: Foul Ball, location: 2F 0-1: Swinging Strike 0-2: Foul Ball, location: 2F 0-2: Ball 1-2: Strikes out swinging
|
| Bottom of the 6th over - 0 runs, 0 hits, 0 errors, 0 left on base; Amarillo 2 - Calgary 0 |
| TOP OF THE 7TH |
|
Amarillo ThunderHeads batting - Pitching for Calgary Flames : LHP Jay Bowen
|
|
Batting: SHB Tyler Romo
|
0-0: Called Strike 0-1: Ball 1-1: Ball 2-1: Foul Ball, location: 2F 2-2: Ball 3-2: Strikes out looking
|
|
Batting: LHB Tony Gutierrez
|
0-0: Ball 1-0: Swinging Strike 1-1: Ball 2-1: Foul Ball, location: 2F 2-2: Ball 3-2: Strikes out swinging
|
|
Batting: SHB Zack Barton
|
0-0: Called Strike 0-1: Ground out 5-3 (Groundball, 5L, EV 92.5 MPH)
|
| Top of the 7th over - 0 runs, 0 hits, 0 errors, 0 left on base; Amarillo 2 - Calgary 0 |
| BOTTOM OF THE 7TH |
|
Calgary Flames batting - Pitching for Amarillo ThunderHeads : RHP Jose Vela
|
|
Batting: SHB Erick Hamburger
|
0-0: Called Strike 0-1: Called Strike 0-2: Ball 1-2: Ball 2-2: Strikes out swinging
|
|
Batting: RHB Antonio Martinez
|
0-0: Ball 1-0: Called Strike 1-1: Foul Ball, location: 2F 1-2: Ground out 6-3 (Groundball, 6, EV 83.1 MPH)
|
|
Batting: RHB Rod Johnson
|
0-0: Ball 1-0: Ball 2-0: Called Strike 2-1: Ball 3-1: Fly out, F7 (Line Drive, 7S, EV 91.2 MPH)
|
| Bottom of the 7th over - 0 runs, 0 hits, 0 errors, 0 left on base; Amarillo 2 - Calgary 0 |
| TOP OF THE 8TH |
|
Amarillo ThunderHeads batting - Pitching for Calgary Flames : LHP Jay Bowen
|
|
Pitching: LHP Manny Santiago
|
|
|
Batting: LHB Eddie Reyes
|
0-0: Ball 1-0: Called Strike 1-1: Ball 2-1: Foul Ball, location: 2F 2-2: Strikes out swinging
|
|
Batting: LHB Santino Pisanello
|
0-0: Ball 1-0: Ball 2-0: Foul Ball, location: 2F 2-1: Ball 3-1: DOUBLE (Groundball, 3L, EV 101.2 MPH)
|
|
Batting: RHB Elias Sagrero
|
0-0: Intentional Walk
|
|
Batting: RHB Eric Camillo
|
0-0: Ball 1-0: Called Strike 1-1: Called Strike 1-2: Ball 2-2: Ball 3-2: Fly out, F7 (Line Drive, 78D, EV 95.6 MPH)
|
|
Batting: RHB Ron Squires
|
0-0: Ball 1-0: Ball 2-0: Called Strike 2-1: Foul Ball, location: 2F 2-2: Foul Ball, location: 2F 2-2: Foul Ball, location: 2F 2-2: Strikes out swinging
|
| Top of the 8th over - 0 runs, 1 hit, 0 errors, 2 left on base; Amarillo 2 - Calgary 0 |
| BOTTOM OF THE 8TH |
|
Calgary Flames batting - Pitching for Amarillo ThunderHeads : RHP Jose Vela
|
|
Pitching: RHP Nick Ehrlich
|
|
|
Batting: RHB Tyler Johnson
|
0-0: Called Strike 0-1: Reached on error, E1 (Groundball, 15S, EV 70.0 MPH)
|
|
Batting: RHB Devon Dill
|
0-0: Called Strike 0-1: Ball Wild Pitch! Tyler Johnson to third 1-1: Ball 2-1: Foul Ball, location: 2F 2-2: Strikes out swinging
|
|
Batting: RHB Yuusei Narita
|
0-0: Called Strike 0-1: Fly out, F7 (Flyball, 7D, EV 91.2 MPH) Runner from 3rd tags up, SCORES, throw by LF
|
|
Batting: RHB Phil McFadden
|
0-0: Foul Ball, location: 2F 0-1: Hit by Pitch
|
|
Batting: RHB Alex Collazo
|
0-0: Foul Ball, location: 2F 0-1: Swinging Strike 0-2: Strikes out swinging
|
| Bottom of the 8th over - 1 run, 0 hits, 1 error, 1 left on base; Amarillo 2 - Calgary 1 |
| TOP OF THE 9TH |
|
Amarillo ThunderHeads batting - Pitching for Calgary Flames : LHP Manny Santiago
|
|
Pitching: RHP Sam Barbuto
|
|
|
Batting: RHB Sam Voss
|
0-0: Ball 1-0: Called Strike 1-1: Ball 2-1: Ground out 6-3 (Groundball, 6, EV 105.6 MPH)
|
|
Batting: SHB Tyler Romo
|
0-0: Foul Ball, location: 2F 0-1: Ball 1-1: Foul Ball, location: 2F 1-2: Fly out, F8 (Flyball, 8RM, EV 86.2 MPH)
|
|
Batting: LHB Tony Gutierrez
|
0-0: Ground out 3-1 (Groundball, 34D, EV 85.6 MPH)
|
| Top of the 9th over - 0 runs, 0 hits, 0 errors, 0 left on base; Amarillo 2 - Calgary 1 |
| BOTTOM OF THE 9TH |
|
Calgary Flames batting - Pitching for Amarillo ThunderHeads : RHP Nick Ehrlich
|
|
Pitching: RHP Jason McCaw
|
|
|
Batting: RHB Jon Groseclose
|
0-0: Called Strike 0-1: Foul Ball, location: 2F 0-2: Fly out, F9 (Flyball, 89S, EV 86.9 MPH)
|
|
Pinch Hitting: SHB Shawnie Codbucket
|
0-0: Called Strike 0-1: Ball 1-1: Fly out, F5 (Popup, 5SF, EV 76.2 MPH)
|
|
Batting: RHB Antonio Martinez
|
0-0: Ball 1-0: Ground out 4-3 (Groundball, 4D, EV 100.6 MPH)
|
| Bottom of the 9th over - 0 runs, 0 hits, 0 errors, 0 left on base; Amarillo 2 - Calgary 1 |
|